 Dungeon Crawl Stone Soup version 0.28.0-47-ge53b351184 (webtiles) character file.

Game seed: 5838984380464208004

144 Icepheonix32 the Chiller (level 5, -12/40 HPs)
             Began as a Demonspawn Ice Elementalist on May 2, 2022.
             Mangled by an ogre
             ... wielding a +0 giant club
              (21 damage)
             ... on level 3 of the Dungeon.
             The game lasted 00:05:42 (4097 turns).

Icepheonix32 the Chiller (DsIE)                     Turns: 4097, Time: 00:05:43

Health: -12/40     AC:  9    Str:  9 (11) XL:     5   Next: 5%
Magic:  6/8        EV: 12    Int: 16      God:
Gold:   73         SH:  0    Dex: 13      Spells: 4/8 levels left

rFire   . . .      SeeInvis .   h - staff of cold
rCold   + . .      Faith    .   (no shield)
rNeg    . . .      Spirit   .   a - +0 robe
rPois   .          Reflect  .   (helmet restricted)
rElec   .          Harm     .   (no cloak)
rCorr   .          Rampage  .   (no gloves)
Will    .....                   k - +0 pair of boots
Stlth   ++........              (no amulet)
HPRegen 0.13/turn               (no ring)
MPRegen 0.11/turn               (no ring)

@: brilliant, ice-armoured
A: antennae 2, robust 1, subdued magic 1
a: no special abilities


You were on level 3 of the Dungeon.
You visited 1 branch of the dungeon, and saw 3 of its levels.

You collected 73 gold pieces.

Inventory:

Hand Weapons
 b - a +0 dagger
 c - a +0 spear
 e - a +0 dagger of venom
Armour
 a - a +0 robe (worn)
 k - a +0 pair of boots (worn)
Magical Staves
 h - a staff of cold (weapon)
Wands
 g - a wand of flame (11)
Scrolls
 d - a scroll of identify {unknown}
 f - 2 scrolls of teleportation
 i - a scroll of amnesia
 j - a scroll of magic mapping {unknown}


   Skills:
 + Level 1.6 Fighting
 + Level 1.7 Dodging
 - Level 1.7 Stealth
 - Level 2.0 Spellcasting
 * Level 5.5 Ice Magic


You had 4 spell levels left.
You knew the following spells:

 Your Spells              Type           Power      Damage    Failure   Level
a - Freeze                Ice            100%       1d11      1%          1
b - Ozocubu's Armour      Ice            33%        N/A       4%          3

Your spell library contained the following spells:

 Spells                   Type           Power      Damage    Failure   Level
 Frozen Ramparts          Ice            66%        1d8       4%          3
 Hailstorm                Conj/Ice       18%        3d6       50%         4


Dungeon Overview and Level Annotations

Branches:
Dungeon (3/15)

Altars:
Nemelex Xobeh


Innate Abilities, Weirdness & Mutations

You have a pair of antennae on your head.
You are robust. (+10% HP)
Your spells are a little easier to cast, but a little less powerful.


Message History

You hit the dart slug.
You kill the dart slug!
No target in view!
No target in view!
You now have 73 gold pieces (gained 5).
l - a bubbling amethyst potion You see here a frilled lizard corpse.
You see here a dart slug corpse.
The ogre shouts!
An ogre is nearby!
Casting: Freeze (safe; 1% risk of failure)
Confirm with . or Enter, or press ? or * to list all spells.
Okay, then.
Casting: Freeze (safe; 1% risk of failure)
Confirm with . or Enter, or press ? or * to list all spells.
You feel a surge of power! A film of ice covers your body!
Unknown command.
You barely miss the ogre.
The ogre hits you with a +0 giant club!!
Ouch! That really hurt!
You hit the ogre.
The ogre is lightly wounded.
The ogre barely misses you.
You hit the ogre.
The ogre is lightly wounded.
You barely miss the ogre.
The ogre is lightly wounded.
The ogre misses you.
You closely miss the ogre.
The ogre is lightly wounded.
The ogre hits you with a +0 giant club!
* * * LOW HITPOINT WARNING * * *
You hit the ogre.
The ogre is lightly wounded.
The ogre barely misses you.
It was a potion of brilliance.
You feel clever all of a sudden.
The ogre hits you with a +0 giant club!!
Ouch! That really hurt!
You die...

......# ######............#....
.#....########........##.#.....
..........†....#.........#.#...
........########.>.....###..)#.
........ ..........#.........
.....#..#######...............
....{............####.........
.... .#..#.#.#...# #........#
... ........O@...# #........#
... .>...##.....## ##.......#
.........## #.......#
......#.## #.......#
.........########..#.###
...#.###.......##....#
.......<.......###...#
....######...........# .#
##....###.#.#


You could see an ogre.

Vanquished Creatures
  Jessica (D:2)
  5 adders
  A worm (D:2)
  3 dart slugs
  3 ball pythons (D:1)
  6 bats
  4 endoplasms (D:2)
  6 giant cockroaches
  8 goblins
  2 hobgoblins (D:2)
  2 jackals (D:1)
  11 kobolds
  2 quokkas
  3 frilled lizards
  6 rats
63 creatures vanquished.

Notes
Turn   | Place    | Note
-------+----------+-------------------------------------------
     0 | D:1      | Icepheonix32 the Demonspawn Ice Elementalist began the
                  | quest for the Orb.
     0 | D:1      | Reached XP level 1. HP: 13/13 MP: 3/3
   456 | D:1      | Reached skill level 4 in Ice Magic
   456 | D:1      | Discovered your monstrous ancestry.
   456 | D:1      | Gained mutation: You have a pair of small antennae on your
                  | head. [demonic ancestry]
   456 | D:1      | Reached XP level 2. HP: 3/19 MP: 0/5
  1962 | D:2      | Reached XP level 3. HP: 23/25 MP: 4/6
  1966 | D:2      | Learned a level 3 spell: Ozocubu's Armour
  2585 | D:2      | Noticed Jessica
  2591 | D:2      | Killed Jessica
  2592 | D:2      | Reached skill level 1 in Fighting
  2592 | D:2      | Reached skill level 5 in Ice Magic
  2592 | D:2      | Reached XP level 4. HP: 23/32 MP: 1/7
  3381 | D:2      | Gained mutation: You are robust. (+10% HP) [potion of
                  | mutation]
  3381 | D:2      | Gained mutation: Your spells are a little easier to cast,
                  | but a little less powerful. [potion of mutation]
  3798 | D:3      | Noticed an ogre
  3831 | D:3      | Gained mutation: You have a pair of antennae on your head.
                  | [demonic ancestry]
  3831 | D:3      | Reached XP level 5. HP: 28/40 MP: 5/8
  3954 | D:3      | Found a faded altar of an unknown god.
  3998 | D:3      | Found a sparkling altar of Nemelex Xobeh.
  4097 | D:3      | Mangled by an ogre

Illustrated notes

Levels and vault maps discovered:
D:1:      nagdon_arrival_double_spiral, layout_loops_corners
D:2:      minmay_razor_zed, layout_basic, kennysheep_donut, uniq_jessica
D:3:      layout_rooms, mainiacjoe_overflow_chevrons, led_xom_imps,
          basic_ecumenical_altar, uniq_natasha

Skill      XL: |  1  2  3 |
---------------+----------+-----
Ice Magic      | 4 5 |  5.5
Fighting       | 1 |  1.6
Dodging        | |  1.7
Stealth        | |  1.7
Spellcasting   | |  2.0

Action                   |  1- 3 |  4- 6 || total
-------------------------+-------+-------++-------
Melee: Spear             |    32 |       ||    32
       Dagger            |    46 |       ||    46
       Punch             |     1 |     1 ||     2
       Staff             |     6 |    98 ||   104
 Cast: Freeze            |    26 |    16 ||    42
       Ozocubu's Armour  |     2 |     1 ||     3
  Use: Scroll            |     1 |     2 ||     3
       Potion            |     1 |     3 ||     4
 Stab: Sleeping          |     5 |     2 ||     7
Armor: Robe              |    22 |    27 ||    49
       Skin              |       |    30 ||    30
Dodge: Dodged            |    76 |    76 ||   152
